 Dungeon Crawl Stone Soup version 0.31.0-11-ge490571c62 (webtiles) character file.

Game seed: 2807299372865074833

265166 Medar the Stormcaller (level 20, -15/176 HPs)
             Began as a Naga Conjurer on Jan 24, 2024.
             Was an Initiate of Gozag.
             Shot with an arrow by a centaur warrior (23 damage)
             ... on level 2 of the Vaults on Feb 3, 2024.
             The game lasted 04:04:44 (55856 turns).

Medar the Stormcaller (Naga Conjurer)              Turns: 55856, Time: 04:04:44

Health: -15/176    AC: 24    Str: 14    XL:     20   Next: 6%
Magic:  18/39      EV: 11    Int: 26    God:    Gozag
Gold:   1229       SH:  7    Dex: 10    Spells: 11/49 levels left

rFire   . . .        a - staff of conjuration {!a}
rCold   + . .        U - +2 buckler {AC+3}
rNeg    + . .        W - +4 leather armour of Liberty {rPois}
rPois   +            Y - +2 helmet
rElec   +            v - +0 cloak {rCorr}
rCorr   +            V - +2 pair of gloves {hurl}
SInv    +            (no barding)
Will    ++...        g - amulet of magic regeneration
Stlth   ++++         x - ring "Deer" {rElec rN+ Str+3}
HPRegen 0.49/turn    w - ring of protection from cold
MPRegen 0.66/turn

%: no passive effects
@: about to teleport, hasted, studying 2 skills, quick
A: AC +6, large, see invisible, deformed body, poison resistance, slowness 2,
spit poison 1, naga tail 2, screaming 1
}: 2/15 runes: barnacled, gossamer
a: Spit Poison, Renounce Religion, Potion Petition, Call Merchant, Bribe Branch


You were on level 2 of the Vaults.
You worshipped Gozag.
Gozag was most pleased with you.
You visited 7 branches of the dungeon, and saw 35 of its levels.
You also visited: Bailey.

You collected 13391 gold pieces.
You spent 5005 gold pieces at shops.
You paid 7157 gold pieces to Gozag.

Inventory:

Hand Weapons
 b - a +0 whip of electrocution
 p - the +6 whip "Meosk" {speed, *Corrode rF+ Str+3}
   (You took it off a merfolk javelineer on level 4 of the Shoals)

   Str+3:     It affects your strength (+3).
   rF+:       It protects you from fire.
   *Corrode:  It may corrode you when you take damage.
 u - a +2 spectral demon trident
Armour
 t - the +3 salamander hide armour {Flames, rFlCloud rF++ rC--}
   (You took it off a merfolk javelineer on level 4 of the Shoals)

   Flames:    It surrounds you with flame clouds and enhances your fire magic.
   rFlCloud:  It grants immunity to flame clouds.
   rF++:      It greatly protects you from fire.
   rC--:      It makes you very vulnerable to cold.
 v - a +0 cloak of preservation (worn)
 K - a scarf of repulsion
 U - a +2 buckler of protection (worn)
 V - a +2 pair of gloves of hurling (worn)
 W - the +4 leather armour of Liberty (worn) {rPois}
   (You bought it in a shop on level 13 of the Dungeon)

   rPois:     It protects you from poison
 Y - a +2 helmet (worn)
Magical Staves
 a - a staff of conjuration (weapon) {!a}
Jewellery
 e - a +6 ring of dexterity
 g - an amulet of magic regeneration (around neck)
 w - a ring of protection from cold (right hand)
 x - the ring "Deer" (left hand) {rElec rN+ Str+3}
   (You acquired it on level 4 of the Lair of Beasts)

   [ring of positive energy]

   Str+3:     It affects your strength (+3).
   rElec:     It insulates you from electricity.
   rN+:       It protects you from negative energy.
 D - a ring of resist corrosion
 O - a ring of protection from fire
Wands
 j - a wand of paralysis (34)
 k - a wand of flame (25)
 s - a wand of roots (9)
 z - a wand of mindburst (24)
 H - a wand of polymorph (26)
Scrolls
 f - 2 scrolls of revelation {@r3}
 h - 3 scrolls of amnesia
 i - 2 scrolls of butterflies
 l - 3 scrolls of poison
 m - a scroll of teleportation
 n - 6 scrolls of immolation
 o - 2 scrolls of brand weapon
 q - 8 scrolls of enchant weapon
 r - 3 scrolls of silence {!r}
 E - a scroll of fog
 G - 10 scrolls of vulnerability
 L - 2 scrolls of fear
 N - 3 scrolls of enchant armour
 Q - a scroll of torment {!r}
Potions
 c - 2 potions of invisibility
 d - 4 potions of brilliance
 A - 8 potions of ambrosia
 B - 4 potions of curing {@q1}
 C - 8 potions of might
 F - 8 potions of attraction
 I - 2 potions of resistance
 M - a potion of enlightenment
 S - 5 potions of magic
 T - 3 potions of haste
 Z - 3 potions of berserk rage {!q}


   Skills:
 - Level 10.0 Fighting
 - Level 10.0 Armour
 + Level 9.4 Dodging
 - Level 10.0 Stealth
 - Level 6.0 Shields
 - Level 15.0 Spellcasting
 + Level 17.4 Conjurations
 - Level 2.0 Necromancy
 - Level 5.0 Translocations
 + Level 17.4 Air Magic
 - Level 14.0 Alchemy


You had 11 spell levels left.
You knew the following spells:

 Your Spells              Type           Power      Damage    Failure   Level
a - Airstrike             Air            41%        2d(6-22)  1%          4
c - Iskenderun's Mystic   Conj/Tloc      86%        2d17      1%          4
d - Kiss of Death         Conj/Necr      100%       2d13      1%          1
e - Fulminant Prism       Conj/Alch      50%        3d22      1%          4
f - Olgreb's Toxic Radia  Alch           75%        N/A       1%          4
g - Swiftness             Air            83%        N/A       0%          3
h - Eringya's Noxious Bo  Alch           37%        4d6       1%          6
i - Magic Dart            Conj           100%       1d8       0%          1
j - Conjure Ball Lightni  Conj/Air       52%        3x3d18    1%          6
x - Arcjolt               Conj/Air       52%        1d62      1%          5

Your spell library contained the following spells:

 Spells                   Type           Power      Damage    Failure   Level
 Shock                    Conj/Air       100%       1d9       0%          1
 Sting                    Conj/Alch      100%       1d9       0%          1
 Searing Ray              Conj           100%       2d8       0%          2
 Apportation              Tloc           90%        N/A       1%          1
 Necrotise                Necr           100%       1d9       1%          1
 Dazzling Flash           Conj/Hex       100%       N/A       1%          3
 Hailstorm                Conj/Ice       77%        3d13      1%          3
 Brom's Barrelling Bould  Conj/Erth      77%        2d9       1%          4
 Vhi's Electric Charge    Tloc/Air       100%       N/A       1%          4
 Iskenderun's Battlesphe  Conj           100%       2d15      1%          5
 Leda's Liquefaction      Alch/Erth      27%        N/A       2%          4
 Sticky Flame             Fire/Alch      54%        2d10      2%          4
 Fireball                 Conj/Fire      38%        3d16      3%          5
 Orb of Destruction       Conj           52%        9d13      3%          7
 Freeze                   Ice            76%        1d8       4%          1
 Summon Small Mammal      Summ           76%        N/A       4%          1
 Volatile Blastmotes      Fire/Tloc      64%        2d15      4%          3
 Fugue of the Fallen      Necr           29%        N/A       5%          3
 Passage of Golubria      Tloc           45%        N/A       5%          4
 Ensorcelled Hibernation  Hex/Ice        38%        N/A       6%          2
 Yara's Violent Unravell  Hex/Alch       27%        3d12      7%          5
 Confusing Touch          Hex            19%        N/A       13%         3
 Frozen Ramparts          Ice            38%        1d6       13%         3
 Tukima's Dance           Hex            19%        N/A       13%         3
 Dispel Undead            Necr           29%        3d13      19%         4
 Starburst                Conj/Fire      38%        6d11      19%         6
 Maxwell's Capacitive Co  Air            41%        ∞         22%         8
 Anguish                  Hex/Necr       12%        N/A       28%         4
 Summon Blazeheart Golem  Fire/Summ      19%        N/A       38%         4
 Summon Forest            Summ/Tloc      16%        N/A       38%         5
 Spellforged Servitor     Conj/Summ      38%        N/A       71%         7
 Ozocubu's Refrigeration  Ice            9%         4d9       100%        7
 Summon Hydra             Summ           9%         N/A       100%        7
 Discord                  Hex            9%         N/A       100%        8


Dungeon Overview and Level Annotations

Branches:
Dungeon (15/15)            Temple (1/1) D:7            Lair (5/5) D:10
 Shoals (4/4) Lair:2       Spider (4/4) Lair:2        Slime (0/5) Lair:5
    Orc (2/2) D:12            Elf (0/3) Orc:2        Vaults (4/5) D:14
  Crypt (0/3) Vaults:3     Depths (0/4) D:15         Bailey (visited)

Altars:
Ashenzari
Cheibriados
Dithmenos
Elyvilon
Fedhas
Gozag
Hepliaklqana
Kikubaaqudgha
Makhleb
Nemelex Xobeh
Okawaru
Qazlal
Ru
Sif Muna
Trog
Uskayaw
Vehumet
Wu Jian
Xom
Yredelemnul
Zin
The Shining One
Jiyva

Shops:
D:7 *:*   D:13 [   Orc:2 *:*[(

Portals:
Trove: D:15 (give 6 scrolls of fog)

Annotations:
Spider:2 3 runed translucent doors, Rod Caur's ghost, adept HOFi; tilp's ghost, adept MiBe
Vaults:1 2 transporters, inti's ghost, veteran GrEE


Innate Abilities, Weirdness & Mutations

Your serpentine skin is tough. (AC +6)
You have supernaturally acute eyesight. (SInv)
Armour fits poorly on your strangely shaped body.
Your system is resistant to poisons. (rPois)
You cover ground very slowly.
You can spit poison.
You can use your snake-like lower body to constrict enemies.
You occasionally shout uncontrollably at your foes.


Message History

There is a stone staircase leading down here.
The deep troll shouts!
The ironbound convoker shouts!
The deep troll shouts!
The ironbound convoker hits you with a +0 morningstar.
* * * LOW HITPOINT WARNING * * *
The ironbound convoker points at the ironbound preserver and mumbles some strange words.
The ironbound preserver seems to grow stronger.
The ironbound convoker begins to recite a word of recall!
You enter a dispersal trap!
The deep troll blinks! x2
The ironbound convoker blinks!
The deep troll blinks!
The ironbound preserver blinks!
The deep troll blinks!
The ironbound convoker blinks!
The deep troll blinks!
The ironbound preserver blinks!
The deep troll blinks! x2; You blink.
The ironbound preserver casts a spell.
The ironbound preserver begins to accept its allies' injuries.
The deep troll is distracted by your dazzling golden aura.
The deep troll shouts!
As you read the scroll of teleportation, it crumbles to dust.
You feel strangely unstable.
The deep troll is recalled.
The centaur warrior is recalled. x2
The yaktaur is recalled.
A centaur warrior comes into view. x2; A yaktaur comes into view.
The ironbound preserver attacks as it pursues you!
The ironbound preserver closely misses you.
You feel better.
The deep troll is no longer distracted by gold.
The ironbound preserver barely misses you.
The centaur warrior wields a +0 shortbow.
The centaur warrior shoots an arrow.
The arrow hits you!
* * * LOW HITPOINT WARNING * * *
The ironbound convoker points at the yaktaur and mumbles some strange words.
The yaktaur seems to grow stronger.
The ironbound preserver hits you with a +0 mace!
* * * LOW HITPOINT WARNING * * *
You feel better.
The centaur warrior wields a +0 shortbow.
The centaur warrior shoots an arrow.
The arrow hits you!
* * * LOW HITPOINT WARNING * * *
The centaur warrior shoots an arrow.
The arrow hits you!!
You die...
Your body crumbles into a pile of gold.

*,,,,,,,,,,,,,,,.....#......
*,,,,,,,,,,,,,,,.....#......
*,,,,,,,,,,,,,,,.....#......
*,,,,,,,,,,,,,,,.....#......
*,***********,,,.....#..<...
*,* *,,,.....#...... *,*
*,,,.....#...... *,*
#########,,,.....#####'# *,*
#....TT@#,,,............ *,*
#^....p.#,,,............ *,*
#.....c.#,,,..#########. *,*
#....cpc+,,,,.#.......#. *,*
#......T#,,,,,*,,,,,,,+. *,*
#...>T..#,,,,,+,,,,,,,+. *,*
#.......#,,,,,*,,,,,,,#. *,*
#.......#,,,,,*,,,,,,,#. *,*
#.......#,,,,,*,^,,,,,#.


You could see an ironbound preserver (strong), 2 centaur warriors, 4 deep
trolls, an ironbound convoker (sheltered, catching breath) and a yaktaur
(strong).

Vanquished Creatures
  Nikola (Spider:4)
  Arachne (Spider:3)
  Norris (Vaults:3)
  Jorgrun (Spider:1)
  Asterion (Spider:1)
  2 titans
  2 krakens
  A shadow dragon (Vaults:4)
  Kirke (Spider:1)
  3 vault wardens
  A frost giant (Vaults:3)
  2 orc warlords
  6 emperor scorpions
  3 ghost moths
  5 ironbound preservers
  8 ironbound thunderhulks
  2 broodmothers
  5 dire elephants
  3 spark wasps
  5 merfolk javelineers (Shoals:4)
  8 merfolk impalers
  6 yaktaur captains
  7 entropy weavers
  5 vault guards
  An ice dragon (D:14)
  2 rakshasas (D:15)
  3 great orbs of eyes
  6 ironbound frosthearts
  An ogre mage (D:15)
  3 jorogumos
  A merfolk avatar (Shoals:3)
  4 radroaches
  5 merfolk aquamancers
  2 hydras
  A satyr (Shoals:4)
  2 tengu warriors
  2 centaur warriors
  4 two-headed ogres
  3 boulder beetles
  9 death yaks
  An occultist (D:15)
  6 demonic crawlers
  4 orc high priests (Orc:2)
  Sonja (Orc:2)
  6 skysharks
  A goliath frog (Lair:5)
  5 skeletal warriors
  4 cherubim (Shoals:4)
  8 pharaoh ants
  A fire crab (Lair:5)
  5 sea snakes
  12 deep trolls
  A sun moth (Spider:2)
  5 orb spiders
  4 arcanists
  Pikel (D:4)
  11 ironbound convokers
  A lindwurm (Vaults:1)
  5 steelbarb worms
  3 phantasmal warriors
  7 orc knights
  3 necromancers
  3 deep elf pyromancers
  18 ugly things
  12 wolf spiders
  9 cyclopes
  7 manticores
  4 orc sorcerers
  6 fauns
  3 meliai (D:13)
  4 moths of wrath
  A centaur zombie (D:15)
  22 elephants
  6 merfolk sirens
  7 kobold blastminers
  3 black mambas
  Joseph (D:10)
  10 vault sentinels
  25 cane toads
  3 gargoyles (D:13)
  3 water nymphs
  An unseen horror (D:12)
  7 torpor snails
  2 yaktaurs
  2 rime drakes
  A centaur skeleton (D:15)
  13 komodo dragons
  2 tengu conjurers (D:15)
  A queen bee (Lair:1)
  3 trolls
  3 polar bears
  14 merfolk
  21 tarantellas
  A hornet (D:11)
  4 tyrant leeches (Lair:5)
  3 wind drakes
  37 blink frogs
  6 dream sheep (Lair:5)
  7 snapping turtles
  A shadow (D:11)
  12 water elementals
  29 culicivoras
  A spriggan (shapeshifter) (D:14)
  22 jumping spiders
  32 slime creatures
  A wraith (D:11)
  19 humans
  60 yaks
  2 hogs (Spider:1)
  6 wyverns
  10 basilisks
  A warg (Orc:2)
  55 redbacks
  A redback (shapeshifter) (Vaults:1)
  13 vampire mosquitoes
  2 acid dragons
  18 water moccasins
  51 orc warriors
  A sky beast (D:6)
  2 ice beasts (D:7)
  2 black bears (D:10)
  6 laughing skulls
  12 ogres
  15 wolves
  13 centaurs
  A phantom (D:6)
  Blork the orc (D:4)
  3 kobold brigands
  29 bullfrogs
  2 scorpions
  11 wights
  23 killer bees (Lair:1)
  8 electric eels
  A howler monkey (D:10)
  3 lava snakes (Lair:5)
  6 jellies
  A bombardier beetle (D:5)
  5 hounds
  Crazy Yiuf (D:3)
  29 orc priests
  3 sleepcaps
  4 iguanas
  Natasha (thrice) (D:2)
  33 orc wizards
  5 hell rats (Lair:4)
  A boggart skeleton (D:15)
  8 adders
  A gnoll (D:10)
  2 shadow imps
  A white imp (D:6)
  4 ufetubi
  4 dart slugs
  138 orcs
  9 ball pythons
  4 bats
  3 endoplasms
  2 giant cockroaches
  12 goblins
  8 hobgoblins
  3 jackals (D:2)
  16 kobolds
  5 quokkas
  2 frilled lizards
  2 rats (D:1)
  2 ball lightnings (Spider:4)
  A fulminant prism (D:14)
  A tentacle (Shoals:4)
1287 creatures vanquished.

Vanquished Creatures (collateral kills)
  2 merfolk impalers (Shoals:1)
  A merfolk aquamancer (Shoals:3)
  A skyshark (Shoals:1)
  2 sea snakes (Shoals:3)
  A harpy (Shoals:3)
  2 fauns (Shoals:1)
  2 manticores (Shoals:3)
  A cyclops (Shoals:3)
  4 merfolk sirens
  A water nymph (Shoals:4)
  4 merfolk
  4 dream sheep (Shoals:3)
  A wind drake (Shoals:3)
  A snapping turtle (Shoals:1)
  5 water elementals
  7 ball lightnings
39 creatures vanquished.

Vanquished Creatures (others)
  A daeva (Shoals:4)
  A merfolk javelineer (Shoals:4)
  5 merfolk impalers
  A great orb of eyes (Shoals:1)
  3 merfolk avatars
  A cherub (Shoals:4)
  7 harpies
  2 manticores (Shoals:4)
  2 fauns (Shoals:2)
  A merfolk siren (Shoals:4)
  A water nymph (Shoals:4)
  A torpor snail (Spider:4)
  2 merfolk
  2 culicivoras (Spider:4)
  A water elemental (Shoals:4)
  A human (Spider:1)
  171 ball lightnings
  68 fulminant prisms
  19 tentacles
290 creatures vanquished.

Grand Total: 1616 creatures vanquished

Notes
Turn   | Place    | Note
-------+----------+-------------------------------------------
     0 | D:1      | Medar the Naga Conjurer began the quest for the Orb.
     0 | D:1      | Reached XP level 1. HP: 15/15 MP: 3/3
   255 | D:1      | Found a faded altar of an unknown god.
   451 | D:1      | Reached skill level 1 in Shields
   451 | D:1      | Reached XP level 2. HP: 22/22 MP: 3/5
   637 | D:1      | Learned a level 2 spell: Searing Ray
  1202 | D:2      | Reached XP level 3. HP: 28/28 MP: 4/6
  1293 | D:2      | Noticed Natasha
  1300 | D:2      | Killed Natasha
  1301 | D:2      | Reached XP level 4. HP: 22/36 MP: 2/7
  1596 | D:2      | Found the +2 pair of slick slippers {slick, slippery, EV+4}
  1675 | D:2      | Noticed Natasha
  1692 | D:2      | Killed Natasha
  1710 | D:2      | Noticed Natasha
  1718 | D:2      | Killed Natasha
  1719 | D:2      | Reached XP level 5. HP: 22/42 MP: 3/8
  2128 | D:3      | Learned a level 4 spell: Iskenderun's Mystic Blast
  2556 | D:3      | Found a shadowy altar of Dithmenos.
  2556 | D:3      | Found a hide-covered altar of Uskayaw.
  2701 | D:3      | Found a runed translucent door.
  2702 | D:3      | Noticed Crazy Yiuf
  2782 | D:4      | Noticed a lemure
  2782 | D:4      | Noticed a lemure
  2913 | D:4      | Reached skill level 1 in Translocations
  3187 | D:4      | Reached XP level 6. HP: 49/49 MP: 5/9
  3547 | D:4      | Identified the +2 ring mail of Taufeusch {rElec rPois Will-
                  | Int+3}
  3709 | D:4      | Noticed Pikel
  3723 | D:4      | Killed Pikel
  3724 | D:4      | Reached skill level 5 in Shields
  3724 | D:4      | Reached skill level 5 in Conjurations
  3724 | D:4      | Reached XP level 7. HP: 29/55 MP: 2/11
  3730 | D:4      | Learned a level 1 spell: Kiss of Death
  3830 | D:4      | Noticed Blork the orc
  3840 | D:4      | Killed Blork the orc
  4032 | D:4      | Reached skill level 1 in Necromancy
  4032 | D:4      | Reached XP level 8. HP: 57/59 MP: 9/12
  4613 | D:3      | Killed Crazy Yiuf
  4713 | D:5      | Entered Level 5 of the Dungeon
  4827 | D:5      | Found an ancient bone altar of Kikubaaqudgha.
  5352 | D:5      | Found a sparkling altar of Nemelex Xobeh.
  5593 | D:5      | Reached skill level 1 in Fighting
  5737 | D:5      | Reached skill level 1 in Armour
  5828 | D:5      | Found Lounou's Fire Supplies.
  6787 | D:6      | Reached XP level 9. HP: 66/68 MP: 9/13
  7569 | D:6      | Learned a level 4 spell: Fulminant Prism
  7616 | D:7      | Found Ixuineu's Assorted Antiques.
  7627 | D:7      | Reached skill level 1 in Alchemy
  8035 | D:7      | Noticed a boulder beetle
  8076 | D:7      | Found a staircase to the Ecumenical Temple.
  8104 | Temple   | Entered the Ecumenical Temple
  8140 | Temple   | Became a worshipper of Gozag Ym Sagoz the Greedy
  8301 | D:7      | Found Ezeuwk's Book Emporium.
  8406 | D:7      | Found Plog's Assorted Antiques.
  8508 | D:7      | Found a glowing golden altar of the Shining One.
  8561 | D:7      | Reached skill level 5 in Spellcasting
  9076 | D:8      | Found a burning altar of Makhleb.
  9253 | D:8      | Reached XP level 10. HP: 80/84 MP: 13/18
  9881 | D:8      | Found a snail-covered altar of Cheibriados.
  9985 | D:7      | Bought the Unrestrained Analects for 484 gold pieces
  9990 | D:7      | Learned a level 4 spell: Olgreb's Toxic Radiance
 10179 | D:8      | Reached skill level 5 in Alchemy
 10804 | D:9      | Reached skill level 5 in Fighting
 10959 | D:9      | Reached XP level 11. HP: 94/94 MP: 15/20
 11164 | D:10     | Entered Level 10 of the Dungeon
 11220 | D:10     | Learned a level 3 spell: Swiftness
 11241 | D:10     | Found a flagged portal.
 11259 | Bailey   | Entered a bailey
 11452 | Bailey   | Reached skill level 1 in Air Magic
 12560 | D:10     | Reached skill level 10 in Conjurations
 12966 | D:10     | Found a staircase to the Lair.
 13040 | D:10     | Noticed Joseph
 13051 | D:10     | Killed Joseph
 13052 | D:10     | Reached skill level 5 in Armour
 13059 | D:10     | Learned a level 6 spell: Eringya's Noxious Bog
 13789 | Lair:1   | Entered Level 1 of the Lair of Beasts
 13805 | Lair:1   | Reached XP level 12. HP: 102/103 MP: 17/24
 14734 | Lair:1   | Reached skill level 10 in Alchemy
 15663 | Lair:2   | Found a staircase to the Shoals.
 15774 | Lair:2   | Reached skill level 10 in Stealth
 15820 | Lair:2   | Found a hole to the Spider Nest.
 15861 | Lair:2   | Gained mutation: You can use your snake-like lower body to
                  | constrict enemies. [Naga growth]
 15861 | Lair:2   | Reached XP level 13. HP: 70/115 MP: 14/26
 16709 | Lair:3   | Reached skill level 10 in Spellcasting
 17149 | Lair:3   | Found a bloodstained altar of Trog.
 19529 | Lair:4   | Reached XP level 14. HP: 104/119 MP: 21/28
 20342 | Lair:4   | Identified 2 scrolls of acquirement
 20348 | Lair:4   | Acquired a staff of conjuration
 20351 | Lair:4   | Acquired the ring "Deer" {rElec rN+ Str+3}
 20367 | Lair:5   | Entered Level 5 of the Lair of Beasts
 21468 | Lair:5   | Reached skill level 10 in Armour
 22576 | Lair:5   | Found a staircase to the Slime Pits.
 22580 | Lair:5   | Found a viscous altar of Jiyva.
 23884 | Lair:5   | Reached XP level 15. HP: 131/132 MP: 19/30
 24201 | D:7      | Bought a book of the Spheres for 704 gold pieces
 24206 | D:7      | Learned a level 4 spell: Airstrike
 24213 | D:7      | Learned a level 6 spell: Conjure Ball Lightning
 25364 | D:12     | Reached skill level 5 in Air Magic
 26075 | D:12     | Found a staircase to the Orcish Mines.
 26819 | Orc:1    | Entered Level 1 of the Orcish Mines
 26819 | Orc:1    | Noticed an orc warlord
 27231 | D:12     | Killed an orc warlord
 27616 | Orc:2    | Entered Level 2 of the Orcish Mines
 27616 | Orc:2    | Found a staircase to the Elven Halls.
 27906 | Orc:1    | Upgraded the game from 0.31.0-9-g3a7656b989 to
                  | 0.31.0-10-gcf4a605ca0
 27951 | Orc:2    | Found Mecwacwick's Assorted Antiques.
 28086 | Orc:2    | Noticed Sonja
 28096 | Orc:2    | Killed Sonja
 28312 | Orc:2    | Found an iron altar of Okawaru.
 29076 | Orc:2    | Noticed an orc warlord
 29094 | Orc:2    | Killed an orc warlord
 29351 | Orc:2    | Bought a scroll of fog for 140 gold pieces
 29351 | Orc:2    | Bought a potion of curing for 105 gold pieces
 29351 | Orc:2    | Bought a potion of magic for 280 gold pieces
 29351 | Orc:2    | Bought a potion of curing for 105 gold pieces
 29351 | Orc:2    | Bought a potion of haste for 350 gold pieces
 29936 | Orc:2    | Found Qoulitec's General Store.
 29937 | Orc:2    | Found Neisa's Book Boutique.
 29939 | Orc:2    | Found Wosao's Antique Armour Boutique.
 29939 | Orc:2    | Found Ifocegox's Antique Weapon Shop.
 29944 | Orc:2    | Bought a runed helmet for 210 gold pieces
 29955 | Orc:2    | Bought a scroll of teleportation for 42 gold pieces
 29955 | Orc:2    | Bought a scroll of enchant weapon for 105 gold pieces
 29955 | Orc:2    | Bought a scroll of identify for 28 gold pieces
 29998 | Orc:2    | Bought a pair of gloves for 126 gold pieces
 30391 | D:13     | Found Faeso's Antique Armour Boutique.
 30399 | D:13     | Bought a pair of glowing gloves for 225 gold pieces
 30399 | D:13     | Bought an ancient leather armour for 210 gold pieces
 30399 | D:13     | Identified the +4 leather armour of Liberty {rPois} (You
                  | bought it in a shop on level 13 of the Dungeon)
 32100 | D:13     | Reached XP level 16. HP: 133/138 MP: 18/31
 33527 | D:14     | Found a gate to the Vaults.
 33562 | D:14     | Found the +18 shield of the Gong {Loud rN+ Will+ rCorr
                  | EV-5}
 33978 | D:15     | Entered Level 15 of the Dungeon
 34043 | D:15     | Reached skill level 5 in Translocations
 34052 | D:15     | Reached skill level 10 in Air Magic
 34634 | D:15     | Found a staircase to the Depths.
 34794 | D:15     | Found a shimmering blue altar of Sif Muna.
 34816 | D:15     | Found a portal to a secret trove of treasure.
 35592 | D:15     | Learned a level 5 spell: Arcjolt
 35796 | Spider:1 | Entered Level 1 of the Spider Nest
 36415 | Spider:1 | Noticed Jorgrun
 36424 | Spider:1 | Killed Jorgrun
 36453 | Lair:2   | Gained mutation: You occasionally shout uncontrollably at
                  | your foes. [mutagenic glow]
 36596 | Lair:2   | Upgraded the game from 0.31.0-10-gcf4a605ca0 to
                  | 0.31.0-11-ge490571c62
 36668 | Spider:1 | Noticed Kirke
 36682 | Spider:1 | Killed Kirke
 36683 | Spider:1 | Reached skill level 10 in Fighting
 36684 | Spider:1 | Noticed Asterion
 36742 | Spider:1 | Killed Asterion
 36743 | Spider:1 | Reached XP level 17. HP: 139/153 MP: 20/34
 37724 | Spider:2 | Found a runed translucent gate.
 37725 | Spider:2 | Found a runed translucent gate.
 37725 | Spider:2 | Found a runed translucent gate.
 37726 | Spider:2 | Noticed tilp's ghost (adept MiBe)
 37726 | Spider:2 | Noticed Rod Caur's ghost (adept HOFi)
 39251 | Spider:3 | Noticed Arachne
 40839 | Spider:4 | Entered Level 4 of the Spider Nest
 40860 | Spider:4 | Noticed Nikola
 40998 | Spider:3 | Killed Arachne
 42804 | Spider:4 | Killed Nikola
 42841 | Spider:4 | Reached XP level 18. HP: 142/160 MP: 0/35
 44611 | Spider:4 | Got a gossamer rune of Zot
 45008 | Shoals:1 | Entered Level 1 of the Shoals
 45225 | Shoals:1 | Reached skill level 15 in Conjurations
 45226 | Shoals:1 | Reached skill level 15 in Air Magic
 46768 | Shoals:2 | Noticed a titan
 46783 | Shoals:2 | Killed a titan
 46889 | Shoals:2 | Identified the staff of Dawn {rPois Dex+3 Ice Alchemy}
 47443 | Shoals:3 | Got the Almanac of Infinity
 48146 | Shoals:4 | Entered Level 4 of the Shoals
 48540 | Shoals:4 | Identified the +6 whip "Meosk" {speed, *Corrode rF+ Str+3}
 48755 | Shoals:4 | Reached skill level 15 in Spellcasting
 49371 | Shoals:4 | Reached XP level 19. HP: 97/168 MP: 15/38
 50470 | Shoals:4 | Found a glowing golden altar of the Shining One.
 50543 | Shoals:4 | Found a glowing silver altar of Zin.
 50571 | Shoals:4 | Got a barnacled rune of Zot
 50666 | Shoals:4 | Found a white marble altar of Elyvilon.
 50999 | Orc:2    | Bought a manual of Dodging for 1280 gold pieces
 51144 | Vaults:1 | Entered Level 1 of the Vaults
 51218 | Vaults:1 | Reached skill level 5 in Dodging
 52615 | Vaults:1 | Found Ozxyr's Distillery.
 52687 | Vaults:1 | Bought a potion of haste for 130 gold pieces
 52687 | Vaults:1 | Bought a potion of heal wounds for 65 gold pieces
 52687 | Vaults:1 | Bought a potion of magic for 104 gold pieces
 52687 | Vaults:1 | Bought a potion of resistance for 130 gold pieces
 52687 | Vaults:1 | Bought a potion of curing for 39 gold pieces
 52687 | Vaults:1 | Bought a potion of invisibility for 104 gold pieces
 52687 | Vaults:1 | Bought a potion of curing for 39 gold pieces
 53275 | Vaults:1 | Noticed a golden dragon
 53296 | Vaults:1 | Found a transporter.
 53302 | Vaults:1 | Found a transporter.
 53345 | Vaults:1 | Noticed inti's ghost (veteran GrEE)
 53768 | Vaults:2 | You fall into a shaft and drop 1 floor!
 53965 | Vaults:3 | Noticed Norris
 55399 | Vaults:3 | Killed Norris
 55794 | Vaults:3 | Reached XP level 20. HP: 174/176 MP: 14/39
 55856 | Vaults:2 | HP: 8/176 [centaur warrior/arrow (17)]
 55856 | Vaults:2 | Shot with an arrow by a centaur warrior

Illustrated notes

Levels and vault maps discovered:
D:1:      nagdon_arrival_zigzag_paths, layout_loops_corners,
          shapermc_ecumenical_altar_mp_urbaneastern, minmay_tetromino_l2
D:2:      layout_basic, uniq_natasha
D:3:      kennysheep_big_flooded_room, layout_loops_ring,
          gammafunk_temple_overflow_pools, uniq_crazy_yiuf_cottage
D:4:      layout_basic, minivault_4, kennysheep_generic_room_12, uniq_pikel,
          uniq_blork_the_orc
D:5:      layout_basic, nicolae_overflow_hidden_temple, amcnicky_altar_gilded,
          nicolae_shop_fire_sale [nicolae_sub_dead_trees],
          hangedman_decor_clover_reticule, nicolae_figureground_sparkle
D:6:      layout_gridville
D:7:      layout_rooms, tso_altar, minmay_temple_entry_sparse_star,
          serial_shops, nicolae_shop_pleasant_corner_grove, shop,
          nicolae_stop_n_shop_2, serial_rivers, chequers_serial_rivers_small_b,
          chequers_serial_rivers_large_a, chequers_serial_rivers_small_a,
          chequers_serial_rivers_small_b, chequers_serial_rivers_room_a,
          serial_bayou_pond_b
D:8:      layout_layer_cave, bloody_makhleb, mainiacjoe_overflow_alcove_4,
          special_room [special_room_orc]
D:9:      layout_rooms, minmay_statues_item
D:10:     layout_long_grid, due_lair_maze_entry_diamond, enter_bailey_7,
          uniq_joseph
D:11:     layout_basic
D:12:     layout_layer_cave, david_orc_5
D:13:     layout_basic, serial_shops, nicolae_shop_dealshenge
D:14:     layout_layer_cave, grunt_vaults_entry_tiered, serial_glass,
          glass_columns_a, glass_columns_c, item_on_display_a,
          item_on_display_b, item_on_display_b, minmay_strange_pillars,
          hellmonk_guarded_unrand_gong
D:15:     grunt_enter_depths_magical_seal, layout_stronghold, enter_trove_2,
          hellmonk_sif_muna_bookshelves, minmay_misc_feat_columns
Temple:   regret_index_temple_generic_petals
Lair:1:   layout_roguey [special_room_bee], patterned_corridor
Lair:2:   layout_cave_shapes, shoals_dummy_entry,
          hellmonk_spider_entry_life_and_decay
Lair:3:   layout_cave_pods, basic_altar, kennysheep_basilisk_garden,
          lemuel_fruit_fields
Lair:4:   layout_layer_cave
Lair:5:   minmay_lair_end_frog_pond, layout_gridlike, slime_entry_1,
          nicolae_lair_liquid_snakes
Shoals:1: dreamdust_from_the_deep, layout_shoals, nicolae_shoals_land_atoll
Shoals:2: cheibrodos_shoals_gigantism, layout_shoals,
          nicolae_shoals_water_elemental_grotto
Shoals:3: layout_shoals
Shoals:4: shoals_end_hellmonk_holy_island
Spider:1: layout_spider_delve, uniq_jorgrun, uniq_kirke, uniq_asterion
Spider:2: layout_cave_pods, gammafunk_ghost_cemetery
Spider:3: layout_spider_delve, uniq_arachne
Spider:4: guppyfry_spider_rune, uniq_nikola
Orc:1:    layout_caves
Orc:2:    st_orc_congregation, layout_caves, basic_altar, serial_shops, shop,
          okawaru_metal_pillars_1_2, uniq_sonja
Vaults:1: nzn_ghost_randoct, ontoclasm_vaults_decontamination, v_pattern_1,
          nicolae_vaults_heart-shaped_vault, nicolae_vaults_network_star,
          grunt_vaults_trifunnel, ontoclasm_vaults_ring_square,
          nicolae_vaults_stairing_the_circle, v_misc_31,
          nicolae_vaults_tetromino_L_2, nicolae_vaults_little_squares_2,
          vaults_room_hallway, nicolae_vaults_trapezoid_lopsided_3,
          nicolae_vaults_diamond_1, nicolae_vaults_house_1,
          layout_vaults_omnicross, serial_shops, nicolae_shop_industrial_runoff
Vaults:2: portal_desolation_entry_ruin, v_pattern_2, nicolae_vaults_spaceships,
          nicolae_vaults_yaktaur_gun_rack, vaults_dpeg_hooks,
          ontoclasm_vaults_fault, nicolae_vaults_tetromino_Z_1,
          hangedman_vaults_maws, layout_vaults_omnigrid, uniq_bai_suzhen,
          uniq_sojobo, uniq_aizul
Vaults:3: vaults_room_hangedman_quadrants, nicolae_vaults_network_periphery,
          vaults_room_pools, nicolae_vaults_angled_halls,
          hangedman_vaults_restitches, nicolae_vaults_arrows,
          ontoclasm_vaults_ring_square, nicolae_vaults_twisting_passages,
          v_misc_14, vaults_room_pools, nicolae_vaults_tetromino_Z_1,
          minmay_crypt_entry_necro_gods, nicolae_vaults_network_quinsquares
          [nicolae_vaults_network_quincunx_subvault,
          nicolae_vaults_network_quincunx_subvault,
          nicolae_vaults_network_quincunx_subvault,
          nicolae_vaults_network_quincunx_subvault],
          nicolae_vaults_trapezoid_lopsided_1, v_misc_24,
          vaults_dpeg_encased_lava, v_misc_14, layout_vaults_omnibox,
          serial_shops, shop, uniq_mennas, uniq_norris, uniq_mara
Vaults:4: vaults_room_fours, vaults_room_pool, v_misc_2,
          nicolae_vaults_circle_grid_b, v_misc_9, v_rooms_6,
          nicolae_vaults_storage_room_water, vaults_room_stairs_pillars,
          nicolae_vaults_six-pack, nicolae_vaults_tetromino_Z_1,
          layout_vaults_chaotic_city

Skill      XL: |  1  2  3  4  5  6  7  8  9 10 11 12 13 14 15 16 17 18 19 |
---------------+----------------------------------------------------------+-----
Shields        | 1 2 3 4 5 6 |  6.0
Stealth        | 4 6 10 | 10.0
Translocations | 1 2 3 4 5 |  5.0
Spellcasting   | 3 5 6 8 9 10 11 13 15 | 15.0
Conjurations   | 5 6 8 9 10 12 13 14 15 17 | 17.4
Necromancy     | 1 2 |  2.0
Fighting       | 2 3 5 7 8 10 | 10.0
Dodging        | 2 3 4 9 |  9.4
Armour         | 1 2 5 7 8 10 | 10.0
Alchemy        | 3 6 8 10 12 14 | 14.0
Air Magic      | 3 9 11 14 15 17 | 17.4

Action                     |  1- 3 |  4- 6 |  7- 9 | 10-12 | 13-15 | 16-18 | 19-21 || total
---------------------------+-------+-------+-------+-------+-------+-------+-------++-------
  Melee: Unarmed           |     2 |       |       |       |       |       |       ||     2
         Short sword       |     7 |     4 |    21 |    36 |       |       |       ||    68
         Whip              |       |       |       |    21 |    54 |    63 |    11 ||   149
         Constrict         |       |       |       |       |    11 |     8 |     2 ||    21
         Demon trident     |       |       |       |       |       |     2 |       ||     2
   Cast: Magic Dart        |    41 |    67 |   117 |    45 |   113 |     9 |       ||   392
         Searing Ray       |     2 |    18 |    62 |   133 |   210 |    29 |       ||   454
         Kiss of Death     |       |       |     3 |     1 |     3 |     1 |       ||     8
         Fulminant Prism   |       |       |     5 |    11 |    11 |    40 |     3 ||    70
         Iskenderun's Myst |       |       |       |    15 |    78 |   180 |    47 ||   320
         Olgreb's Toxic Ra |       |       |       |    66 |   237 |   205 |    49 ||   557
         Eringya's Noxious |       |       |       |     1 |     5 |     3 |       ||     9
         Swiftness         |       |       |       |       |     1 |     7 |     2 ||    10
         Airstrike         |       |       |       |       |     7 |   128 |    93 ||   228
         Conjure Ball Ligh |       |       |       |       |     2 |    36 |    28 ||    66
         Arcjolt           |       |       |       |       |       |   140 |    90 ||   230
 Invoke: Potion Petition   |       |       |       |       |       |     4 |     5 ||     9
         Bribe Branch      |       |       |       |       |       |     1 |       ||     1
Ability: Spit Poison       |       |       |       |       |       |     3 |     1 ||     4
  Evoke: Wand              |       |     7 |       |     3 |     1 |       |       ||    11
    Use: Scroll            |       |     4 |     4 |     6 |    18 |     7 |    13 ||    52
         Potion            |       |     2 |     1 |     1 |     1 |     7 |    18 ||    30
   Stab: Sleeping          |       |       |       |     3 |       |       |       ||     3
         Distracted        |       |       |       |     1 |     1 |       |       ||     2
 Armour: Robe              |    17 |    29 |    77 |   294 |   537 |       |       ||   954
         Leather armour    |       |       |       |       |    82 |   786 |   335 ||  1203
  Dodge: Dodged            |    10 |    15 |    51 |   148 |   223 |   321 |   115 ||   883
  Block: Buckler           |     2 |     6 |    19 |    88 |   142 |   199 |    81 ||   537
